 Dungeon Crawl Stone Soup version 0.29-a0-517-gbdf32494f2 (webtiles) character file.

Game seed: 14314412274361792042

14 xian the Bolt Thrower (level 2, -4/24 HPs)
             Began as a Draconian Hunter on May 30, 2022.
             Slain by Sigmund
             ... wielding a +2 scythe of protection
              (9 damage)
             ... on level 2 of the Dungeon.
             The game lasted 00:03:34 (1230 turns).

xian the Bolt Thrower (Draconian Hunter)            Turns: 1230, Time: 00:03:34

Health: -4/24      AC:  7    Str: 13    XL:     2   Next: 31%
Magic:  2/2        EV: 12    Int:  9    God:
Gold:   57         SH:  0    Dex: 14    Spells: 1/1 levels left

rFire   . . .      SeeInvis .   a - +1 hand crossbow
rCold   . . .      Faith    .   (no shield)
rNeg    . . .      Spirit   .   (body armour unavailable)
rPois   .          Reflect  .   (helmet restricted)
rElec   .          Harm     .   (no cloak)
rCorr   .          Rampage  .   c - +2 pair of gloves
Will    .....                   (no boots)
Stlth   +.........              (no amulet)
HPRegen 0.08/turn               (no ring)
MPRegen 0.08/turn               (no ring)

@: confused
A: AC +4, unfitting armour, cold-blooded
a: no special abilities


You were on level 2 of the Dungeon.
You visited 1 branch of the dungeon, and saw 2 of its levels.

You collected 57 gold pieces.

Inventory:

Hand Weapons
 a - a +1 hand crossbow (weapon)
 d - a +0 dagger of protection
Armour
 c - a +2 pair of gloves (worn)
Scrolls
 b - a scroll of immolation
 e - a scroll of amnesia {unknown}
 f - a scroll of enchant armour {unknown}
Potions
 g - a potion of heal wounds {unknown}


   Skills:
 + Level 2.2 Fighting
 + Level 4.0 Crossbows
 + Level 2.0 Dodging
 + Level 0.8 Stealth


You had one spell level left.
You didn't know any spells.
Your spell library contained the following spells:

 Spells                   Type           Power      Damage    Failure   Level
 Apportation              Tloc           0%         N/A       38%         1
 Alistair's Intoxication  Tmut/Pois      0%         N/A       100%        5


Dungeon Overview and Level Annotations

Branches:
Dungeon (2/15)

Altars:

Annotations:
D:2 Sigmund


Innate Abilities, Weirdness & Mutations

Your plain brown scales are hard. (AC +4)
You cannot fit into any form of body armour.
You are cold-blooded and may be slowed by cold attacks.


Message History

You shoot a bolt. The bolt hits Sigmund.
Sigmund is lightly wounded.
Sigmund gestures wildly while chanting.
Sigmund flickers and vanishes!
Deactivating autopickup; reactivate with Ctrl-A.
No target in view!
No target in view!
No target in view!
No target in view!
Shoot: a) +1 hand crossbow
Press: ? - help, Q - select action Shift-Dir - straight line You shoot a bolt.
Unknown command.
Shoot: a) +1 hand crossbow
Press: ? - help, Q - select action Shift-Dir - straight line You shoot a bolt.
Something barely misses you. Something hits you but does no damage.
Shoot: a) +1 hand crossbow
Press: ? - help, Q - select action Shift-Dir - straight line You shoot a bolt.
Something hits you.
Shoot: a) +1 hand crossbow
Press: ? - help, Q - select action Shift-Dir - straight line You shoot a bolt.
You hear some strange, mumbled words.
You are confused.
Something hits you!
Ouch! That really hurt!
* * * LOW HITPOINT WARNING * * *
You are more confused.
You see here a +0 robe.
Something hits you.
* * * LOW HITPOINT WARNING * * *
You hear some strange, mumbled words.
You are more confused.
You bump into the rock wall.
Something hits you but does no damage.
Found a scroll labelled DUMUHO GOUDA.
You're too confused to move!
Something hits you!
You die...

...##.................
....................#
......).............#
................=...##
.....$................
..........[...........
......................
.....###..............
.... #.@.).......#.#
... #...<.......... ..
.................. .
..................
.......[............
...##...............
.?.................
...###............
..........#.


There were no monsters in sight!

Vanquished Creatures
  2 endoplasms
  A giant cockroach (D:2)
  A hobgoblin (D:2)
  2 ball pythons
  A bat (D:1)
  3 goblins
  4 kobolds
  2 rats
16 creatures vanquished.

Notes
Turn   | Place    | Note
-------+----------+-------------------------------------------
     0 | D:1      | xian the Draconian Hunter began the quest for the Orb.
     0 | D:1      | Reached XP level 1. HP: 17/17 MP: 1/1
   149 | D:1      | Found a faded altar of an unknown god.
   451 | D:2      | Noticed Sigmund
   456 | D:2      | Reached skill level 4 in Crossbows
   456 | D:2      | Reached XP level 2. HP: 24/24 MP: 2/2
  1230 | D:2      | Slain by Sigmund

Illustrated notes

Levels and vault maps discovered:
D:1:      minmay_arrival_five_plusses, layout_rooms,
          ebering_ecumenical_altar_hall
D:2:      layout_rooms, uniq_sigmund

Skill      XL: |  1  2 |
---------------+-------+-----
Crossbows      | 4 |  4.0
Dodging        | 2 |  2.0
Fighting       | |  2.2
Stealth        | |  0.8

Action                   || total
-------------------------++-------
 Fire: Hand crossbow     ||    62
Armor: Skin              ||    11
Dodge: Dodged            ||    23

Table legend: (Time is in decaauts)
 A = Elapsed time spent in this place.
 B = Non-inter-level travel time spent in this place.
 C = Inter-level travel time spent in this place.
 D = Time resting spent in this place.
 E = Time spent auto-exploring this place.
 F = Levels seen in this place.
 G = Mean time per level.
                   A        B        C        D        E       F      G
               +--------+--------+--------+--------+--------+-----+--------+
         Total |   1253 |   1240 |     13 |    681 |    386 |   2 |  626.5 |
       Dungeon |   1253 |   1240 |     13 |    681 |    386 |   2 |  626.5 |
               +--------+--------+--------+--------+--------+-----+--------+

Top non-repeatable levels by time:
     D:1: 1147 daAuts
     D:2: 105 daAuts
